 Dungeon Crawl Stone Soup version 0.30.1 (webtiles) character file.

Game seed: 11872850372935690067

594 wingedge the Slasher (level 6, 0/43 (51) HPs)
             Began as a Demigod Wanderer on July 7, 2023.
             Slain by Edmund
             ... wielding a +0 flail of draining
              (10 damage)
             ... on level 4 of the Dungeon.
             The game lasted 00:08:31 (2848 turns).

wingedge the Slasher (Demigod Wanderer)             Turns: 2848, Time: 00:08:32

HP:   0/43 (51)     AC:  5    Str: 18    XL:     6   Next: 94%
MP:   10/10         EV: 10    Int: 24    God:
Gold: 955           SH:  8    Dex: 15    Spells: 5/7 levels left

rFire   + . .        a - +2 falchion (protect)
rCold   + . .        i - +0 kite shield {rPois}
rNeg    + . .        f - +0 ring mail
rPois   +            (no helmet)
rElec   .            (no cloak)
rCorr   +            (no gloves)
SInv    +            (no boots)
Will    .....        (no amulet)
Stlth   +            h - ring of Tota {rN+ Int+3 SInv}
HPRegen 0.27/turn    u - ring "Wissudel" {rF+ rC+ rCorr Str+6}
MPRegen 0.12/turn

%: no passive effects
@: heavily drained
A: high MP 1, forlorn, divine attributes
a: no special abilities


You were on level 4 of the Dungeon.
You visited 1 branch of the dungeon, and saw 4 of its levels.

You collected 955 gold pieces.

Inventory:

Hand Weapons
 a - a +2 falchion of protection (weapon)
 n - a +3 falchion
Missiles
 e - 4 silver boomerangs (quivered)
 o - 4 poisoned darts
Armour
 f - a +0 ring mail (worn)
 i - a +0 kite shield of poison resistance (worn)
 s - a +0 robe
Magical Staves
 j - a staff of cold
Jewellery
 h - the ring of Tota (left hand) {rN+ Int+3 SInv}
   (You found it on level 2 of the Dungeon)

   [ring of see invisible]

   Int:       It affects your intelligence (+3).
   rN:        It protects you from negative energy.
   SInv:      It lets you see invisible.
 u - the ring "Wissudel" (right hand) {rF+ rC+ rCorr Str+6}
   (You acquired it on level 3 of the Dungeon)

   [ring of strength]

   Str:       It affects your strength (+6).
   rF:        It protects you from fire.
   rC:        It protects you from cold.
   rCorr:     It protects you from acid and corrosion.
Wands
 v - a wand of paralysis (5)
Scrolls
 b - 2 scrolls of fog
 d - a scroll of noise {unknown}
 g - a scroll of summoning {unknown}
 l - a scroll of torment {unknown}
 m - a scroll of enchant weapon {unknown}
Potions
 c - 2 potions of might
 p - a potion of brilliance
 q - a potion of cancellation {unknown}
 r - a potion of flight {unknown}
 t - a potion of heal wounds {unknown}


   Skills:
 + Level 3.4 Fighting
 + Level 5.6 Long Blades
 - Level 2.0 Throwing
 - Level 3.0 Armour
 - Level 3.0 Dodging
 + Level 1.0 Shields
 + Level 1.0 Spellcasting
 + Level 1.0 Air Magic
 + Level 1.1 Poison Magic


You had 5 spell levels left.
You knew the following spells:

 Your Spells              Type           Power      Damage    Failure   Level
a - Poisonous Vapours     Pois/Air       12%        N/A       54%         2

Your spell library contained the following spells:

 Spells                   Type           Power      Damage    Failure   Level
 Apportation              Tloc           2%         N/A       56%         1
 Beastly Appendage        Tmut           2%         N/A       56%         1
 Wereblood                Tmut           1%         N/A       71%         2
 Mephitic Cloud           Conj/Pois/Air  4%         N/A       83%         3
 Spider Form              Tmut/Pois      3%         N/A       86%         3
 Alistair's Intoxication  Tmut/Pois      2%         N/A       100%        5
 Freezing Cloud           Conj/Ice/Air   1%         6-21      100%        5


Dungeon Overview and Level Annotations

Branches:
Dungeon (4/15)
 Temple: D:4-7

Annotations:
D:4 Edmund


Innate Abilities, Weirdness & Mutations

You have an increased reservoir of magic. (+10% MP)
You shall have no god before yourself.
Your divine heritage dramatically boosts your attributes as you level up.


Message History

You barely miss Edmund.
Edmund is almost dead.
Edmund hits you with a +0 flail of draining!
You partially resist.
You feel drained. Edmund misses you.
You barely miss Edmund.
Edmund is almost dead.
Edmund completely misses you.
You hit Edmund.
Your weapon exudes an aura of protection.
Edmund is almost dead.
Edmund hits you but does no damage. You partially resist.
You barely miss Edmund.
Edmund is almost dead.
Edmund hits you but does no damage. You partially resist.
You barely miss Edmund.
Edmund is almost dead.
Edmund hits you with a +0 flail of draining.
You partially resist.
You feel drained.
You closely miss Edmund.
Edmund is almost dead.
Edmund zaps a wand.
The puff of flame hits you. You resist.
Edmund hits you with a +0 flail of draining.
You partially resist.
You feel drained.
You barely miss Edmund.
Edmund is almost dead.
Edmund hits you with a +0 flail of draining.
* * * LOW HITPOINT WARNING * * *
You partially resist.
You feel drained.
Aiming: Paralyse
Press: ? - help, Shift-Dir - straight line, f/p - Edmund
Aim: Edmund, wielding a +0 flail of draining, wearing a +0 chain mail and carrying a wand of flame (19) (almost dead, chance to affect: 49%) Edmund resists with some effort.
Edmund zaps a wand.
The puff of flame hits you. You resist.
* * * LOW HITPOINT WARNING * * *
Aiming: Paralyse
Press: ? - help, Shift-Dir - straight line, f/p - Edmund
Aim: Edmund, wielding a +0 flail of draining, wearing a +0 chain mail and carrying a wand of flame (18) (almost dead, chance to affect: 49%) Edmund resists with some effort.
Edmund hits you with a +0 flail of draining!
You die...

## ### ... .###... ...####
##....... .......
##........
#.....###.........
.#......#..........
........#...@......
#.........@.......
#.##............
#.#..#.......... #
#.#.##........#. #.###
##...##..........
...##.....................
#.#..####................
#...## ##...............
##.>######..............#


You could see Edmund.

Vanquished Creatures
  Sigmund (D:4)
  The ghost of Arctor the Insei, an amateur OpTm (D:3)
  An ogre (D:4)
  A scorpion (D:4)
  2 orc wizards (D:3)
  Terence (D:2)
  2 adders
  A worm (D:4)
  2 dart slugs
  8 orcs (D:3)
  5 ball pythons
  An endoplasm (D:4)
  A giant cockroach (D:1)
  3 goblins
  6 hobgoblins
  6 kobolds
  4 quokkas
  4 bats
  4 frilled lizards
  22 rats
76 creatures vanquished.

Notes
Turn   | Place    | Note
-------+----------+-------------------------------------------
     0 | D:1      | wingedge the Demigod Wanderer began the quest for the Orb.
     0 | D:1      | wingedge set off with the following items: a +3 falchion, 2
                  | scrolls of fog, a +0 robe.
     0 | D:1      | Reached XP level 1. HP: 17/17 MP: 3/3
   332 | D:1      | Reached XP level 2. HP: 24/24 MP: 4/4
   845 | D:2      | Identified the ring of Tota {rN+ Int+3 SInv}
   942 | D:2      | Reached XP level 3. HP: 28/29 MP: 5/5
   963 | D:2      | Reached skill level 5 in Long Blades
  1038 | D:2      | Noticed Terence
  1043 | D:2      | Killed Terence
  1485 | D:3      | Reached XP level 4. HP: 37/37 MP: 6/6
  1814 | D:3      | Reached skill level 1 in Throwing
  1900 | D:3      | Found a runed translucent door.
  1902 | D:3      | Noticed Arctor's ghost (amateur OpTm)
  1918 | D:3      | Killed Arctor's ghost
  1919 | D:3      | Reached XP level 5. HP: 39/45 MP: 7/7
  2234 | D:3      | Learned a level 2 spell: Poisonous Vapours
  2487 | D:4      | Noticed Sigmund
  2501 | D:3      | Identified 2 scrolls of acquirement
  2501 | D:3      | Acquired the ring "Wissudel" {rF+ rC+ rCorr Str+6}
  2504 | D:3      | Acquired a +0 kite shield of poison resistance
  2557 | D:4      | Killed Sigmund
  2558 | D:4      | Reached XP level 6. HP: 39/51 MP: 7/9
  2655 | D:4      | Acquired 827 gold pieces
  2694 | D:4      | Reached skill level 1 in Shields
  2694 | D:4      | Reached skill level 1 in Spellcasting
  2694 | D:4      | Reached skill level 1 in Air Magic
  2694 | D:4      | Reached skill level 1 in Poison Magic
  2821 | D:4      | Noticed Edmund
  2848 | D:4      | Slain by Edmund

Illustrated notes

Levels and vault maps discovered:
D:1:      onia_arrival_mini_maze, layout_basic, basic_ecumenical_altar
D:2:      layout_loops_ring, basic_altar, minmay_rat_hole, uniq_terence
D:3:      layout_rooms, gammafunk_ghost_grave, minmay_misc_feat_alley,
          chequers_big_river, kennysheep_another_room
D:4:      layout_rooms, jmf_multi_god_temple, uniq_edmund, uniq_sigmund

Skill      XL: |  1  2  3  4  5  6 |
---------------+-------------------+-----
Fighting       | 2 3 |  3.4
Dodging        | 2 3 |  3.0
Long Blades    | 5 |  5.6
Armour         | 2 3 |  3.0
Throwing       | 1 2 |  2.0
Shields        | 1 |  1.0
Spellcasting   | 1 |  1.0
Air Magic      | 1 |  1.0
Poison Magic   | 1 |  1.1

Action                     |  1- 3 |  4- 6 || total
---------------------------+-------+-------++-------
  Melee: Falchion          |   103 |   140 ||   243
  Throw: Boomerang         |     4 |    11 ||    15
  Evoke: Wand              |       |     2 ||     2
    Use: Scroll            |       |     6 ||     6
 Armour: Scale mail        |     7 |       ||     7
         Robe              |     1 |     3 ||     4
         Ring mail         |    18 |    51 ||    69
  Dodge: Dodged            |    49 |    62 ||   111
  Block: Kite shield       |       |    13 ||    13
